 Dungeon Crawl Stone Soup version 0.29-a0-284-gf9362112df (webtiles) character file.

Game seed: 4386499910725574302

206 sammy202020 the Skirmisher (level 5, -6/51 HPs)
             Began as a Gargoyle Berserker on Mar 23, 2022.
             Was a Follower of Trog.
             Mangled by an ogre
             ... wielding a +0 giant club
              (14 damage)
             ... on level 3 of the Dungeon.
             The game lasted 00:04:40 (2830 turns).

sammy202020 the Skirmisher (Gargoyle Berserker)     Turns: 2830, Time: 00:04:41

Health: -6/51      AC: 11    Str: 20    XL:     5   Next: 84%
Magic:  5/5        EV: 10    Int: 10    God:    Trog [*.....]
Gold:   91         SH:  0    Dex:  9    Spells: 4/4 levels left

rFire   . . .      SeeInvis .   n - +0 flail
rCold   . . .      Faith    .   (no shield)
rNeg    + + .      Spirit   .   o - +0 scale mail
rPois   ∞          Reflect  .   (no helmet)
rElec   +          Harm     .   (no cloak)
rCorr   .          Rampage  .   (no gloves)
Will    .....                   (no boots)
Stlth   ..........              (no amulet)
HPRegen 0.17/turn               m - ring of positive energy
MPRegen 0.09/turn               (no ring)

@: berserking, very quick
A: sickness immunity, AC +4, negative energy resistance 1, electricity
resistance, torment resistance 1, petrification resistance
a: Renounce Religion, Berserk


You were on level 3 of the Dungeon.
You worshipped Trog.
Trog was aware of your devotion.
You visited 1 branch of the dungeon, and saw 3 of its levels.

You collected 91 gold pieces.

Inventory:

Hand Weapons
 a - a +0 mace
 i - a +0 hand axe
 n - a +0 flail (weapon)
Armour
 o - a +0 scale mail (worn)
 q - a +0 cloak
Jewellery
 l - a ring of ice
 m - a ring of positive energy (left hand)
Wands
 e - a wand of flame (23)
Scrolls
 f - 2 scrolls of immolation
 j - a scroll of identify
Potions
 b - a potion of invisibility
 d - 2 potions of curing
 p - a potion of might


   Skills:
 * Level 4.6 Fighting
 * Level 4.1 Maces & Flails
 * Level 3.8 Armour
 + Level 2.3 Dodging


You had 4 spell levels left.
You didn't know any spells.
Your spell library was empty.

Dungeon Overview and Level Annotations

Branches:
Dungeon (3/15)

Altars:

Annotations:
D:3 1 runed translucent door


Innate Abilities, Weirdness & Mutations

You are immune to sickness and miasma.
Your stone body is resilient. (AC +4)
You are immune to poison.
You resist negative energy. (rN+)
You are resistant to electric shocks. (rElec)
You are resistant to unholy torment.
You are immune to petrification.


Message History

The ogre completely misses you.
You sock the ogre!
The ogre is moderately wounded.
The ogre hits you with a +0 giant club!
Ouch! That really hurt!
You are too injured to fight recklessly!
You are too injured to fight recklessly!
You are too injured to fight recklessly!
You are too injured to fight recklessly!
You are too injured to fight recklessly!
You are too injured to fight recklessly!
You are too injured to fight recklessly!
You are too injured to fight recklessly!
You are too injured to fight recklessly!
You are too injured to fight recklessly!
You are too injured to fight recklessly!
You are too injured to fight recklessly!
You are too injured to fight recklessly!
You are too injured to fight recklessly!
You are too injured to fight recklessly!
You are too injured to fight recklessly!
You are too injured to fight recklessly!
You are too injured to fight recklessly!
A red film seems to cover your vision as you go berserk!
You feel yourself moving faster!
You feel mighty!
You barely miss the ogre.
The ogre is moderately wounded.
The ogre hits you with a +0 giant club!!
* * * LOW HITPOINT WARNING * * *
You barely miss the ogre.
The ogre is moderately wounded.
You thump the ogre!
The ogre is severely wounded.
The ogre barely misses you.
You hit the ogre.
The ogre is almost dead.
You barely miss the ogre.
The ogre is almost dead.
The ogre hits you with a +0 giant club!
You die...

#.# #.# #.# .# #####
#.# ##.# #...# #.# ...
. #...# ###.##.#
...##...#####......###.
#.....O.......<#......
#..@#######........
#.#####.##.............
.............#†#.##....
#....##......#.#.##....
#... #.####.#.#.##.#.#
#.. #.# #.#.##.#<# #.
#.# #.#.##.... #
#.####.#.#.###...
.............)...


You could see an ogre.

Vanquished Creatures
  A jelly (D:3)
  Crazy Yiuf (D:2)
  Terence (D:2)
  7 adders
  A dart slug (D:1)
  3 ball pythons
  4 bats
  8 endoplasms
  3 giant cockroaches
  4 goblins
  A hobgoblin (D:1)
  3 jackals (D:2)
  4 kobolds
  2 quokkas (D:2)
  3 frilled lizards
  4 rats
50 creatures vanquished.

Notes
Turn   | Place    | Note
-------+----------+-------------------------------------------
     0 | D:1      | sammy202020 the Gargoyle Berserker began the quest for the
                  | Orb.
     0 | D:1      | Reached XP level 1. HP: 14/14 MP: 1/1
   101 | D:1      | Found a faded altar of an unknown god.
   182 | D:1      | Reached XP level 2. HP: 10/19 MP: 2/2
  1421 | D:2      | Reached XP level 3. HP: 17/24 MP: 3/3
  1680 | D:2      | Found a runed translucent door.
  1681 | D:2      | Noticed Crazy Yiuf
  2033 | D:2      | Reached ** piety under Trog
  2034 | D:2      | Reached XP level 4. HP: 29/29 MP: 4/4
  2055 | D:2      | Noticed Terence
  2065 | D:2      | Killed Terence
  2219 | D:2      | Killed Crazy Yiuf
  2220 | D:2      | Reached XP level 5. HP: 7/33 MP: 5/5
  2647 | D:3      | Found a runed translucent gate.
  2820 | D:3      | Noticed an ogre
  2830 | D:3      | Mangled by an ogre

Illustrated notes

Levels and vault maps discovered:
D:1:      evilmike_arrival_crescent, layout_loops_corners,
          ebering_ecumenical_altar_sacrificial, minmay_small_reverse_x
D:2:      layout_rooms, uniq_terence, uniq_crazy_yiuf_cottage
D:3:      layout_basic, gammafunk_ghost_split

Skill      XL: |  1  2  3  4  5 |
---------------+----------------+-----
Armour         | 3 |  3.8
Dodging        | 2 |  2.3
Fighting       | 4 |  4.6
Maces & Flails | 4 |  4.1

Action                   |  1- 3 |  4- 6 || total
-------------------------+-------+-------++-------
Melee: Mace              |   124 |    10 ||   134
       Flail             |       |    54 ||    54
Invok: Berserk           |     1 |     3 ||     4
  Use: Scroll            |       |     8 ||     8
Armor: Animal skin       |    15 |       ||    15
       Ring mail         |    68 |       ||    68
       Scale mail        |       |    50 ||    50
Dodge: Dodged            |   104 |    48 ||   152

Table legend: (Time is in decaauts)
 A = Elapsed time spent in this place.
 B = Non-inter-level travel time spent in this place.
 C = Inter-level travel time spent in this place.
 D = Time resting spent in this place.
 E = Time spent auto-exploring this place.
 F = Levels seen in this place.
 G = Mean time per level.
                   A        B        C        D        E       F      G
               +--------+--------+--------+--------+--------+-----+--------+
         Total |   2898 |   2756 |    142 |     64 |   2243 |   3 |  966.0 |
       Dungeon |   2898 |   2756 |    142 |     64 |   2243 |   3 |  966.0 |
               +--------+--------+--------+--------+--------+-----+--------+

Top non-repeatable levels by time:
     D:1: 1419 daAuts
     D:2: 1153 daAuts
     D:3: 325 daAuts
